 Dungeon Crawl Stone Soup version 0.28-a0-313-gbc0475efdd (webtiles) character file.

Game seed: 2322781883023585154

23 Goblin1989 the Ruffian (level 2, -1/29 HPs)
             Began as a Troll Cinder Acolyte on Aug 30, 2021.
             Was a Priest of Ignis.
             Slain by an orc (6 damage)
             ... on level 4 of the Dungeon on Sept 1, 2021.
             The game lasted 00:03:27 (298 turns).

Goblin1989 the Ruffian (Troll Cinder Acolyte)        Turns: 298, Time: 00:03:28

Health: -1/29      AC:  4    Str: 22    XL:     2   Next: 75%
Magic:  2/2        EV:  9    Int:  9    God:    Ignis [***...]
Gold:   42         SH:  0    Dex:  5    Spells: 2/3 levels left

rFire   + . .      SeeInvis .     - Unarmed
rCold   . . .      Faith    .   (no shield)
rNeg    . . .      Spirit   .   a - +0 robe
rPois   .          Reflect  .   (helmet restricted)
rElec   .          Harm     .   (no cloak)
rCorr   .          Rampage  .   (gloves unavailable)
Will    .....                   (boots unavailable)
Stlth   +.........              (no amulet)
HPRegen 1.09/turn               (no ring)
MPRegen 0.08/turn               (no ring)

@: no status effects
A: large, unfitting armour, claws 3, regeneration 1, shaggy fur 1, tough skin 1
a: Renounce Religion, Sea of Fire, Foxfire Swarm, Rising Flame


You were on level 4 of the Dungeon.
You worshipped Ignis.
Ignis was most pleased with you.
You visited 1 branch of the dungeon, and saw 4 of its levels.

You collected 42 gold pieces.

Inventory:

Armour
 a - a +0 robe (worn)


   Skills:
 - Level 2.4 Fighting
 + Level 4.1 Unarmed Combat
 - Level 1.0 Spellcasting
 - Level 0.6 Fire Magic


You had 2 spell levels left.
You knew the following spells:

 Your Spells              Type           Power      Damage    Failure   Level
a - Foxfire               Conj/Fire      0%         2x1d4     32%         1

Your spell library contained the following spells:

 Spells                   Type           Power      Damage    Failure   Level


Dungeon Overview and Level Annotations

Branches:
Dungeon (3/15)

Altars:


Innate Abilities, Weirdness & Mutations

You are too large for most types of armour.
You have claws for hands.
Your natural rate of healing is unusually fast.
You are covered in fur. (AC +1)
You have tough skin. (AC +1)


Message History

There is a stone staircase leading down here.
Unknown command.
You climb downwards.
There is a stone staircase leading up here.
Fires begin to smoulder around you!
You start waiting.
The fire ignites! x18
You start waiting.
Done waiting.
You open the door.
Found a robe.
Found a whip.
There is an open door here.
You see here a +0 robe.
You open the door.
Found 12 poisoned darts.
Found a stone staircase leading down.
There is an open door here.
There is a stone staircase leading down here.
You climb downwards.
There is a stone staircase leading up here. 2 orcs come into view.
The orc shouts!
Flames leap up around you!
An adder comes into view.
The foxfire hits the orc.
The orc is almost dead.
An orc priest comes into view. It is wielding a +0 short sword.
There are monsters nearby!
The foxfire hits the orc.
You kill the orc!
The foxfire hits the orc.
The orc is moderately wounded.
The foxfire hits the orc.
The orc is heavily wounded.
The foxfire hits the adder.
The adder is heavily wounded.
The foxfire hits the orc.
The orc is severely wounded.
The foxfire hits the orc.
You kill the orc!
Your foxfire dissipates!
An orc comes into view. It is wielding a +3 mace.
A giant cockroach comes into view.
You begin to rise into the air.
The adder bites you.
You take 4 damage, and have 25/29 hp.
Unknown command.
You barely miss the adder.
The adder is heavily wounded.
The adder bites you but does no damage. The adder barely misses you.
The orc priest hits you with a +0 short sword.
You claw the adder!
You kill the adder!
The orc priest misses you.
Your Unarmed Combat skill increases to level 4!
You scratch the orc priest but do no damage.
With a burst of heat and light, you rocket upward!
There is a shaft here.
Really dive through this shaft in the floor?
You fall into a shaft and drop 2 floors!
The shaft crumbles and collapses.
The iguana hisses angrily.
The hobgoblin shouts!
You hear a shout!
Found a stone staircase leading down.
Health restored: 29 Unknown command.
A hobgoblin comes into view.
Found a robe.
A ball python comes into view.
An orc comes into view. It is wielding a +0 short sword.
The orc shouts!
You claw the hobgoblin!
You kill the hobgoblin!
The hobgoblin barely misses you.
The sky beast flickers out of sight!
Deactivating autopickup; reactivate with Ctrl-A.
The hobgoblin closely misses you.
A sky beast appears from thin air!
Reactivating autopickup.
The sky beast hits you. The sky beast shocks you.
There is a stone staircase leading down here.
You take 9 damage, and have 20/29 hp.
MASSIVE DAMAGE!!
Found a morningstar.
The orc hits you with a +0 short sword. The ball python bites you.
You take 1 damage, and have 19/29 hp.
The hobgoblin barely misses you. The orc hits you with a +0 short sword.
The iguana hisses menacingly.
The ball python bites you but does no damage.
You take 2 damage, and have 17/29 hp.
The sky beast hits you. The sky beast shocks you.
* * * LOW HITPOINT WARNING * * *
The hobgoblin barely misses you. The orc barely misses you.
The ball python bites you.
* * * LOW HITPOINT WARNING * * *
You take 7 damage, and have 10/29 hp.
MASSIVE DAMAGE!!
The hobgoblin barely misses you.
An endoplasm comes into view.
The sky beast hits you.
* * * LOW HITPOINT WARNING * * *
The sky beast shocks you.
* * * LOW HITPOINT WARNING * * *
The orc hits you with a +0 short sword.
You die...

█ █ █ █ █ .█.█.█.█.
█ █l█.█.█.█ ...
█.█.█.█.█
.....█.█.█.█.█
..............██
.....█.███.lg..███..
.... █. ██Y@......█
███ █. █oS.██████ █.
█...█ .. ..[.█ ..
.....█ ......█
.......J ...).██..


You could see a sky beast, an iguana, an orc, an endoplasm (wandering), a
hobgoblin and a ball python.

Vanquished Creatures
  An adder (D:3)
  A dart slug (D:1)
  2 orcs (D:3)
  A goblin (D:1)
  2 hobgoblins
  2 ball pythons (D:1)
  A kobold (D:1)
  2 rats (D:1)
12 creatures vanquished.

Vanquished Creatures (others)
  8 foxfires (D:3)
  8 plants (D:2)
16 creatures vanquished.

Grand Total: 28 creatures vanquished

Notes
Turn   | Place    | Note
-------+----------+-------------------------------------------
     0 | D:1      | Goblin1989 the Troll Cinder Acolyte began the quest for the
                  | Orb.
     0 | D:1      | Reached XP level 1. HP: 22/22 MP: 1/1
    89 | D:1      | Reached XP level 2. HP: 29/29 MP: 2/2
    89 | D:1      | Upgraded the game from 0.28-a0-312-gbced6e68ee to
                  | 0.28-a0-313-gbc0475efdd
   288 | D:3      | Reached skill level 4 in Unarmed Combat
   289 | D:2      | You fall into a shaft and drop 2 floors!
   289 | D:4      | Noticed a sky beast
   298 | D:4      | Slain by an orc

Illustrated notes

Levels and vault maps discovered:
D:1:      lightli_arrival_statuegarden, layout_basic,
          dreamdust_ecumenical_altar_sealed_demon, interstate_on_off
D:2:      layout_basic, grunt_decor_mini_mirrors, serial_bayou_lake_a,
          uniq_robin
D:3:      layout_loops_ring, minmay_randomly_rotated_circles
D:4:      layout_basic, riverfiend_overflow_shadow_ancestor, minmay_manual_maat,
          uniq_eustachio

Skill      XL: |  1  2 |
---------------+-------+-----
Unarmed Combat | 4 |  4.1
Fighting       | |  2.4
Spellcasting   | |  1.0
Fire Magic     | |  0.6

Action                   || total
-------------------------++-------
Melee: Unarmed           ||    21
       Punch             ||     1
Invok: Sea of Fire       ||     2
       Foxfire Swarm     ||     1
       Rising Flame      ||     1
Armor: Robe              ||     4
Dodge: Dodged            ||    11

Table legend: (Time is in decaauts)
 A = Elapsed time spent in this place.
 B = Non-inter-level travel time spent in this place.
 C = Inter-level travel time spent in this place.
 D = Time resting spent in this place.
 E = Time spent auto-exploring this place.
 F = Levels seen in this place.
 G = Mean time per level.
                   A        B        C        D        E       F      G
               +--------+--------+--------+--------+--------+-----+--------+
         Total |    296 |    296 |      0 |    100 |     47 |   4 |   74.0 |
       Dungeon |    296 |    296 |      0 |    100 |     47 |   4 |   74.0 |
               +--------+--------+--------+--------+--------+-----+--------+

Top non-repeatable levels by time:
     D:2: 143 daAuts
     D:1: 131 daAuts
     D:3: 12 daAuts
     D:4: 8 daAuts
